 Dungeon Crawl Stone Soup version 0.31.0-11-ge490571c62 (webtiles) character file.

Game seed: 11184946324967456677

14997 dannycarnage the Grappler (level 11, -10/113 HPs)
             Began as a Troll Shapeshifter on Feb 10, 2024.
             Was a Priest of Nemelex Xobeh.
             Mangled by an eight-headed hydra (15 damage)
             ... on level 2 of the Lair of Beasts.
             The game lasted 00:27:14 (11383 turns).

dannycarnage the Grappler (Troll Shapeshifter)     Turns: 11383, Time: 00:27:15

Health: -10/113    AC:  3    Str: 28    XL:     11   Next: 96%
Magic:  10/10      EV: 11    Int:  6    God:    Nemelex Xobeh [***...]
Gold:   484        SH:  5    Dex: 15    Spells: 10/10 levels left

rFire   . .          .
                       - Unarmed
rCold   . . .        (shield currently unavailable)
rNeg    . . .        G - +0 steam dragon scales
rPois   .            (helmet restricted)
rElec   .            o - +0 cloak
rCorr   .            (gloves unavailable)
SInv    .            (boots unavailable)
Will    +....        k - amulet of reflection
Stlth   +            f - ring of willpower
HPRegen 1.18/turn    w - +6 ring of dexterity
MPRegen 0.12/turn

%: reflection
@: blade hands
A: large, unfitting armour, (claws 3), regeneration 1, shaggy fur 1, tough skin
1
a: Begin Untransformation, Renounce Religion, Draw Escape, Draw Destruction,
Draw Summoning, Triple Draw


You were on level 2 of the Lair of Beasts.
You worshipped Nemelex Xobeh.
Nemelex Xobeh was most pleased with you.
You had blades for hands.
You visited 2 branches of the dungeon, and saw 12 of its levels.
You also visited: Sewer.

You collected 559 gold pieces.
You spent 75 gold pieces at shops.

Inventory:

Missiles
 J - 2 throwing nets (quivered)
 P - a curare-tipped dart
Armour
 a - a +0 animal skin
 o - a +0 cloak (worn)
 G - +0 steam dragon scales (worn)
Jewellery
 f - a ring of willpower (left blade hand)
 k - an amulet of reflection (around neck)
 w - a +6 ring of dexterity (right blade hand)
 N - a ring of positive energy
 O - a ring of magical power
 R - an amulet of guardian spirit
 T - an amulet of regeneration
 V - an amulet of magic regeneration
Talismans
 c - a beast talisman
 i - a blade talisman (active)
 u - a flux talisman
Wands
 D - a wand of polymorph (4)
 H - a wand of light (27)
 U - a wand of paralysis (5)
Scrolls
 g - 4 scrolls of fear
 h - 2 scrolls of fog
 j - 2 scrolls of enchant weapon {unknown}
 m - 2 scrolls of summoning
 p - a scroll of vulnerability {unknown}
 r - 3 scrolls of teleportation {unknown}
 t - 4 scrolls of amnesia
 v - 2 scrolls of enchant armour {unknown}
 y - 2 scrolls of revelation {unknown}
 B - 2 scrolls of blinking
 E - 3 scrolls of silence
 F - a scroll of noise {unknown}
 L - a scroll of poison {unknown}
 Q - a scroll of acquirement {unknown}
 S - a scroll of immolation {unknown}
Potions
 b - 6 potions of lignification
 d - 4 potions of might
 e - a potion of haste {unknown}
 l - 9 potions of heal wounds
 n - 4 potions of cancellation
 q - 3 potions of curing
 s - 2 potions of ambrosia {unknown}
 x - 2 potions of mutation {unknown}
 z - a potion of degeneration {unknown}
 A - 2 potions of experience {unknown}
 C - a potion of resistance {unknown}
 I - a potion of magic {unknown}
 K - a potion of enlightenment {unknown}
 M - a potion of attraction {unknown}


   Skills:
 + Level 8.6 Fighting
 - Level 1.0 Armour
 + Level 3.2 Dodging
 + Level 12.5 Unarmed Combat
 + Level 10.5 Shapeshifting


You had 10 spell levels left.
You didn't know any spells.
Your spell library contained the following spells:

 Spells                   Type           Power      Damage    Failure   Level
 Ensorcelled Hibernation  Hex/Ice        0%         N/A       58%         2
 Dazzling Flash           Conj/Hex       0%         N/A       83%         3
 Fugue of the Fallen      Necr           0%         N/A       83%         3
 Passwall                 Erth           0%         N/A       83%         3
 Swiftness                Air            0%         N/A       83%         3
 Tukima's Dance           Hex            0%         N/A       83%         3
 Volatile Blastmotes      Fire/Tloc      0%         2d10      83%         3
 Anguish                  Hex/Necr       0%         N/A       99%         4
 Passage of Golubria      Tloc           0%         N/A       99%         4
 Yara's Violent Unravell  Hex/Alch       0%         3d3       100%        5
 Starburst                Conj/Fire      0%         6d3       100%        6
 Maxwell's Capacitive Co  Air            0%         ∞         100%        8


Dungeon Overview and Level Annotations

Branches:
Dungeon (10/15)            Temple (0/1) D:7            Lair (2/5) D:8
    Orc (0/2) D:9           Sewer (visited)
  Swamp: Lair:2-3    Shoals: Lair:2-3     Snake: Lair:2-3    Spider: Lair:2-3

Altars:
Dithmenos
Elyvilon
Fedhas
Gozag
Hepliaklqana
Kikubaaqudgha
Nemelex Xobeh
Sif Muna
Vehumet
Wu Jian
Xom
Yredelemnul
Zin
The Shining One

Shops:
D:4 *   D:9 *

Annotations:
D:3 3 runed translucent doors, NotYourErnst's ghost, amateur DrHW
D:7 1 runed translucent door, exclusion: centaur, Crazy Yiuf


Innate Abilities, Weirdness & Mutations

You have blades for hands.
You are incapable of wielding weapons or throwing items.
You are too large for most types of armour.
((You have claws for hands.))
Your natural rate of healing is unusually fast.
You are covered in fur. (AC +1)
You have tough skin. (AC +1)


Message History

The eight-headed hydra bites you. The eight-headed hydra bites you!
The eight-headed hydra bites you.
The eight-headed hydra closely misses you.
You hit the eight-headed hydra.
The eight-headed hydra is heavily wounded.
You block the eight-headed hydra's attack.
The eight-headed hydra bites you!
The eight-headed hydra closely misses you.
The eight-headed hydra bites you but does no damage.
The eight-headed hydra closely misses you.
The eight-headed hydra barely misses you.
The eight-headed hydra bites you.
The eight-headed hydra barely misses you.
You slash the eight-headed hydra!
The eight-headed hydra is severely wounded.
The eight-headed hydra bites you! x2
You block the eight-headed hydra's attack.
The eight-headed hydra bites you.
The eight-headed hydra barely misses you.
The eight-headed hydra bites you. x2; The eight-headed hydra bites you!
* * * LOW HITPOINT WARNING * * *
You draw a card...
You have drawn the Orb.
Press: ? - help, Shift-Dir - straight line, f/p - eight-headed hydra
Aim: an eight-headed hydra (severely wounded)
The wavering orb of destruction weakly hits the eight-headed hydra!!
The eight-headed hydra is almost dead.
Your orb of destruction hits a rock wall. x2
The eight-headed hydra misses you. The eight-headed hydra bites you!
* * * LOW HITPOINT WARNING * * *
The eight-headed hydra misses you.
The eight-headed hydra closely misses you.
The eight-headed hydra bites you!
* * * LOW HITPOINT WARNING * * *
The eight-headed hydra barely misses you.
The eight-headed hydra bites you!
* * * LOW HITPOINT WARNING * * *
The eight-headed hydra bites you!
You die...
Your body glows slightly and disappears.

#..#### #...#.#
### #....###
#.###......#
##.........#
##........## .
#.......*.# #..
##......*○##..l.
#.......*@#.....
##P.....*.D#
###.......#
##P###...P...
### ###.....
#P... #... ...
##


You could see an eight-headed hydra (ally target).

Vanquished Creatures
  3 two-headed ogres
  A hydra (Lair:2)
  Maurice (D:9)
  A centaur zombie (D:10)
  An elephant (D:8)
  A black mamba (Lair:1)
  Maggie (D:8)
  Jeremiah (D:8)
  A cane toad (Lair:1)
  A hornet (D:7)
  2 blink frogs (Lair:1)
  3 wyverns
  3 wraiths (D:10)
  17 yaks
  4 shadows (D:10)
  A vampire (D:10)
  2 basilisks (D:8)
  Grum (D:8)
  2 steam dragons
  8 water moccasins
  An acid dragon (D:9)
  2 orc warriors
  3 ice beasts
  2 ogres
  A black bear (D:5)
  2 wolves (D:8)
  2 centaurs
  3 kobold brigands
  A phantom (D:6)
  4 bullfrogs
  A gnoll sergeant (D:7)
  4 scorpions
  9 wights
  3 killer bees (D:9)
  2 vampire bats (D:5)
  8 howler monkeys
  A bombardier beetle (D:6)
  5 hounds
  A gnoll bouda (D:8)
  3 jellies
  6 orc priests
  A sleepcap (D:5)
  5 iguanas
  9 orc wizards
  4 hell rats (Lair:1)
  A howler monkey zombie (D:10)
  8 adders
  13 gnolls
  3 white imps
  4 dart slugs
  A ribbon worm (D:6)
  25 orcs
  5 bats
  6 bat skeletons (D:5)
  A bat zombie (D:5)
  10 endoplasms
  3 giant cockroaches
  2 hobgoblins (D:1)
  3 jackals (D:1)
  4 quokkas
  7 ball pythons
  3 frilled lizards
  5 goblins
  38 kobolds
  7 rats
287 creatures vanquished.

Vanquished Creatures (others)
  An angel (D:5)
1 creature vanquished.

Grand Total: 288 creatures vanquished

Notes
Turn   | Place    | Note
-------+----------+-------------------------------------------
     0 | D:1      | dannycarnage the Troll Shapeshifter began the quest for the
                  | Orb.
     0 | D:1      | Reached XP level 1. HP: 18/18 MP: 0/0
    93 | D:1      | Found a faded altar of an unknown god.
   199 | D:1      | Reached skill level 1 in Fighting
   295 | D:1      | Reached XP level 2. HP: 26/27 MP: 1/1
   531 | D:1      | Reached XP level 3. HP: 33/33 MP: 2/2
  1684 | D:3      | Reached XP level 4. HP: 31/42 MP: 3/3
  1884 | D:3      | Noticed an ice beast
  1890 | D:3      | Noticed NotYourErnst's ghost (amateur DrHW)
  1894 | D:3      | Killed an ice beast
  1895 | D:3      | Reached skill level 4 in Unarmed Combat
  1895 | D:3      | Reached XP level 5. HP: 40/50 MP: 4/4
  1921 | D:3      | Found a runed translucent gate.
  1921 | D:3      | Found a runed translucent gate.
  1922 | D:3      | Found a runed translucent gate.
  2513 | D:4      | You fall into a shaft and drop 1 floor!
  2513 | D:5      | Entered Level 5 of the Dungeon
  2697 | D:4      | Reached XP level 6. HP: 39/59 MP: 5/5
  2862 | D:4      | Found Behat's General Store.
  2868 | D:4      | Bought a scroll of blinking for 75 gold pieces
  2924 | D:4      | Noticed a water moccasin
  2929 | D:4      | Killed a water moccasin
  3070 | D:4      | Reached skill level 5 in Unarmed Combat
  3086 | D:4      | Reached XP level 7. HP: 50/67 MP: 6/6
  3117 | D:4      | Found an ornate altar of the Wu Jian Council.
  3126 | D:4      | Reached skill level 5 in Shapeshifting
  3187 | D:5      | Noticed an angel
  3191 | D:5      | Found a shimmering altar of Xom.
  3191 | D:5      | Found a glowing silver altar of Zin.
  3438 | D:5      | Reached skill level 6 in Unarmed Combat
  3450 | D:5      | Reached XP level 8. HP: 71/79 MP: 7/7
  3724 | D:5      | Killed an angel
  3850 | D:5      | Found a sparkling altar of Nemelex Xobeh.
  4040 | D:5      | Became a worshipper of Nemelex Xobeh the Trickster
  4170 | D:5      | Found an ancient bone altar of Kikubaaqudgha.
  4349 | D:6      | Reached skill level 5 in Fighting
  4351 | D:6      | Reached skill level 7 in Unarmed Combat
  4396 | D:6      | Found a glowing drain.
  4441 | Sewer    | Entered a sewer
  4744 | D:6      | Found a white marble altar of Elyvilon.
  4833 | D:6      | Found a shadowy altar of Dithmenos.
  4833 | D:6      | Found an opulent altar of Gozag.
  4833 | D:6      | Found a glowing golden altar of the Shining One.
  4852 | D:6      | Reached skill level 8 in Unarmed Combat
  4852 | D:6      | Reached XP level 9. HP: 74/88 MP: 8/8
  4875 | D:6      | Found a shimmering blue altar of Sif Muna.
  4875 | D:6      | Found a basalt altar of Yredelemnul.
  5102 | D:6      | Reached * piety under Nemelex Xobeh
  5491 | D:7      | Found a staircase to the Ecumenical Temple.
  6385 | D:7      | Reached skill level 9 in Unarmed Combat
  6655 | D:7      | Received a gift from Nemelex Xobeh
  7007 | D:7      | Found a runed translucent door.
  7008 | D:7      | Noticed Crazy Yiuf
  7270 | D:8      | Reached ** piety under Nemelex Xobeh
  7310 | D:8      | Noticed Grum
  7347 | D:8      | Killed Grum
  7398 | D:8      | Noticed Jeremiah
  7407 | D:8      | Killed Jeremiah
  7408 | D:8      | Reached XP level 10. HP: 92/100 MP: 9/9
  7438 | D:8      | Found a staircase to the Lair.
  7438 | D:8      | Noticed an elephant
  7469 | D:8      | Killed an elephant
  7692 | D:8      | Reached skill level 10 in Unarmed Combat
  8129 | D:8      | Noticed Maggie
  8139 | D:8      | Killed Maggie
  8291 | D:9      | Found a radiant altar of Vehumet.
  8371 | D:9      | Found a staircase to the Orcish Mines.
  8431 | D:9      | Found a blossoming altar of Fedhas.
  8433 | D:9      | Received a gift from Nemelex Xobeh
  8468 | D:9      | Noticed a two-headed ogre
  8496 | D:9      | Killed a two-headed ogre
  8547 | D:9      | Found Ubawneen's General Store.
  8886 | D:9      | Noticed Maurice
  8895 | D:9      | Something stole an amulet of guardian spirit
  8896 | D:9      | Something stole 2 throwing nets
  8899 | D:9      | Killed Maurice
  8912 | D:9      | Found a hazy altar of Hepliaklqana.
  8939 | D:9      | Reached XP level 11. HP: 69/111 MP: 10/10
  8985 | D:9      | Reached *** piety under Nemelex Xobeh
  9461 | D:10     | Entered Level 10 of the Dungeon
  9542 | D:10     | Reached skill level 11 in Unarmed Combat
  9705 | D:10     | Reached skill level 10 in Shapeshifting
  9734 | D:10     | Noticed a two-headed ogre
  9739 | D:10     | Killed a two-headed ogre
  9923 | D:10     | Noticed a two-headed ogre
 10064 | D:10     | Killed a two-headed ogre
 10065 | D:10     | Reached skill level 12 in Unarmed Combat
 10149 | Lair:1   | Entered Level 1 of the Lair of Beasts
 10189 | Lair:1   | Received a gift from Nemelex Xobeh
 10356 | Lair:1   | Reached skill level 1 in Armour
 11255 | Lair:2   | Noticed a death yak
 11255 | Lair:2   | Noticed a death yak
 11255 | Lair:2   | Noticed a death yak
 11255 | Lair:2   | Noticed a death yak
 11255 | Lair:2   | Noticed a death yak
 11283 | Lair:2   | Noticed an eight-headed hydra
 11286 | Lair:2   | Killed an eight-headed hydra
 11375 | Lair:2   | Noticed an eight-headed hydra
 11383 | Lair:2   | HP: 5/113 [eight-headed hydra (13)]
 11383 | Lair:2   | Mangled by an eight-headed hydra

Illustrated notes

Levels and vault maps discovered:
D:1:      dpeg_arrival_three_same_balls, layout_rooms,
          ebering_ecumenical_altar_box, hex_large
D:2:      layout_basic
D:3:      layout_loops_corners, gammafunk_ghost_split
D:4:      layout_basic, nicolae_wu_jian_immortal_techniques, serial_shops,
          kennysheep_mini
D:5:      layout_loops_ring, grunt_temple_overflow_order_and_chaos_1,
          kennysheep_vampire_church, kennysheep_little_box, minmay_checkerbox
D:6:      layout_cave_pools, minmay_overflow_temple_hex,
          cheibrodos_sewer_entry_sluice
D:7:      nicolae_whirlpool, layout_loops_ring, minmay_temple_entry_nine_rooms,
          uniq_crazy_yiuf_cottage
D:8:      layout_basic, david_lair_generic, uniq_maggie, uniq_jeremiah,
          uniq_grum
D:9:      kennysheep_kobold_camp, layout_irregular_city,
          mainiacjoe_overflow_small_starburst, fedhas_altar_1,
          nicolae_overflow_crystal_walls, serial_shops, kennysheep_mini_moat,
          uniq_maurice
D:10:     layout_rooms, serial_undead, serial_undead_c, serial_undead_d,
          serial_undead_d, serial_undead_e
Lair:1:   layout_loops_ring
Lair:2:   layout_cave_pods, minmay_shoals_entry_centaurs, uniq_urug

Skill      XL: |  1  2  3  4  5  6  7  8  9 10 11 |
---------------+----------------------------------+-----
Fighting       | 1 2 3 4 5 6 8 |  8.6
Unarmed Combat | 4 5 6 8 9 10 12 | 12.5
Shapeshifting  | 4 5 7 8 9 10 | 10.5
Armour         | 1 |  1.0
Dodging        | 3 |  3.2

Action                     |  1- 3 |  4- 6 |  7- 9 | 10-12 || total
---------------------------+-------+-------+-------+-------++-------
  Melee: Unarmed           |    99 |    91 |   303 |   378 ||   871
         Punch             |     1 |     1 |     7 |     3 ||    12
 Invoke: Draw Destruction  |       |       |       |     4 ||     4
Ability: Begin Untransform |     2 |       |     1 |       ||     3
    Use: Scroll            |       |     1 |     6 |     2 ||     9
   Stab: Sleeping          |       |       |     2 |       ||     2
 Armour: Animal skin       |    59 |    42 |    86 |       ||   187
         Skin              |       |       |    76 |   110 ||   186
         Steam dragon scal |       |       |       |    59 ||    59
  Dodge: Dodged            |    40 |    22 |   117 |   148 ||   327
  Block: Other             |     8 |    13 |    42 |    65 ||   128
         Reflection        |       |       |     3 |     3 ||     6
   Form: Beast             |     2 |       |       |       ||     2
         Flux              |       |       |     2 |       ||     2
         Blade             |       |       |       |     1 ||     1
